 Dungeon Crawl Stone Soup version 0.31.0-32-g396128a36d (webtiles) character file.

Game seed: 7749673017879647505

537684 FeralFrog the Skinwalker (level 24, -7/233 HPs)
             Began as a Red Draconian Shapeshifter on Mar 27, 2024.
             Was an Initiate of Gozag.
             Killed from afar by a shock serpent (18 damage)
             ... with a bolt of electricity
             ... spawned from a protean progenitor
             ... on level 7 of a ziggurat on Mar 28, 2024.
             The game lasted 02:30:20 (71804 turns).

FeralFrog the Skinwalker (DrSh)                    Turns: 71804, Time: 02:30:21

Health: -7/233     AC: 20    Str: 17    XL:     24   Next: 63%
Magic:  3/37       EV: 21    Int: 19    God:    Gozag
Gold:   21649      SH: 25    Dex: 18    Spells: 37/43 levels left

rFire   + +          +
                       - Unarmed
rCold   + + .        Z - +5 kite shield {rF+}
rNeg    + + +        (body armour unavailable)
rPois   ∞            P - +2 hat {SInv}
rElec   .            E - scarf {rC+ rF+}
rCorr   +            r - +2 pair of gloves
SInv    +            y - +0 pair of boots
Will    +++..        C - amulet "Nejusuc" {Regen+ Int+4}
Stlth   +++          m - ring of the Octopus King {rCorr HP+2 AC+2 EV+2 SH+2}
HPRegen 1.38/turn    W - ring of willpower
MPRegen 0.25/turn

%: no passive effects
@: death-form, fugue (expiring), gold aura, on siphon cooldown, hasted, studying
Staves, very quick
A: vile attack, torment immunity, no potions, (breathe fire), AC +12, unfitting
armour, fire resistance 1, cold-blooded, large bone plates 1, screaming 1
}: 3/15 runes: decaying, serpentine, silver
a: Siphon Essence, Begin Untransformation, Renounce Religion, Potion Petition,
Call Merchant, Bribe Branch


You were on level 7 of a ziggurat.
You worshipped Gozag.
Gozag was extremely pleased with you.
You were an undying horror.
You visited 11 branches of the dungeon, and saw 48 of its levels.
You visited 1 ziggurat, and saw 7 of its levels.
You also visited: Gauntlet.

You collected 27802 gold pieces.
You spent 2455 gold pieces at shops.
You paid 3698 gold pieces to Gozag.


Innate Abilities, Weirdness & Mutations

You are an undying horror.
Your melee and unarmed attacks drain, slow and weaken victims.
You are immune to unholy pain and torment.
You cannot drink.
You are immune to poison.
((You can breathe blasts of fire.))
Your fiery red scales are hard. (AC +12)
You cannot fit into any form of body armour.
Your flesh is heat resistant. (rF+)
You are cold-blooded and may be slowed by cold attacks.
You are partially covered in large bone plates. (SH +4)
You occasionally shout uncontrollably at your foes.


   Skills:
 - Level 22.0 Fighting
 - Level 13.0 Dodging
 - Level 5.0 Stealth
 - Level 15.0 Shields
 - Level 18.0 Unarmed Combat
 - Level 10.0 Spellcasting
 - Level 6.0 Necromancy
 - Level 6.0 Translocations
 - Level 14.0 Evocations
 + Level 23.5 Shapeshifting


You had 37 spell levels left.
You knew the following spells:

 Your Spells              Type           Power      Damage    Failure   Level
a - Apportation           Tloc           64%        N/A       1%          1
f - Fugue of the Fallen   Necr           32%        N/A       3%          3
B - Blink                 Tloc           64%        N/A       1%          2

Your spell library contained the following spells:

 Spells                   Type           Power      Damage    Failure   Level
 Necrotise                Necr           100%       1d9       1%          1
 Lesser Beckoning         Tloc           64%        N/A       1%          2
 Sublimation of Blood     Necr           32%        N/A       1%          2
 Kiss of Death            Conj/Necr      80%        2d11      3%          1
 Vampiric Draining        Necr           32%        2d8       3%          3
 Momentum Strike          Conj/Tloc      40%        3d9       5%          2
 Cigotuvi's Dreadful Rot  Necr/Alch/Air  34%        N/A       9%          2
 Volatile Blastmotes      Fire/Tloc      40%        2d13      11%         3
 Dispel Undead            Necr           32%        3d14      11%         4
 Passage of Golubria      Tloc           32%        N/A       11%         4
 Foxfire                  Conj/Fire      36%        2x1d5     12%         1
 Freeze                   Ice            36%        1d5       12%         1
 Magic Dart               Conj           36%        1d4       12%         1
 Sting                    Conj/Alch      36%        1d5       12%         1
 Summon Small Mammal      Summ           36%        N/A       12%         1
 Call Imp                 Summ           18%        N/A       19%         2
 Ensorcelled Hibernation  Hex/Ice        18%        N/A       19%         2
 Mercury Vapours          Alch/Air       18%        N/A       19%         2
 Scorch                   Fire           18%        2d5       19%         2
 Static Discharge         Conj/Air       18%        3-4/arc   19%         2
 Curse of Agony           Necr           32%        N/A       28%         5
 Anguish                  Hex/Necr       10%        N/A       34%         4
 Dimensional Bullseye     Hex/Tloc       10%        N/A       34%         4
 Iskenderun's Mystic Bla  Conj/Tloc      20%        2d6       34%         4
 Martyr's Knell           Necr/Summ      20%        N/A       34%         4
 Vhi's Electric Charge    Tloc/Air       40%        N/A       34%         4
 Confusing Touch          Hex            9%         N/A       36%         3
 Dazzling Flash           Conj/Hex       18%        N/A       36%         3
 Frozen Ramparts          Ice            18%        1d3       36%         3
 Hailstorm                Conj/Ice       9%         3d6       36%         3
 Inner Flame              Hex/Fire       9%         N/A       36%         3
 Mephitic Cloud           Conj/Alch/Air  9%         N/A       36%         3
 Ozocubu's Armour         Ice            9%         N/A       36%         3
 Stone Arrow              Conj/Erth      18%        3d8       36%         3
 Summon Ice Beast         Ice/Summ       9%         N/A       36%         3
 Tukima's Dance           Hex            9%         N/A       36%         3
 Borgnjor's Vile Clutch   Necr/Erth      10%        N/A       69%         5
 Airstrike                Air            4%         2d(1-17)  77%         4
 Brom's Barrelling Bould  Conj/Erth      9%         2d3       77%         4
 Cause Fear               Hex            4%         N/A       77%         4
 Flame Wave               Conj/Fire      9%         2d6       77%         4
 Fulminant Prism          Conj/Alch      4%         3d5       77%         4
 Ignite Poison            Fire/Alch      9%         N/A       77%         4
 Leda's Liquefaction      Alch/Erth      4%         N/A       77%         4
 Olgreb's Toxic Radiance  Alch           9%         N/A       77%         4
 Sticky Flame             Fire/Alch      9%         2d5       77%         4
 Summon Blazeheart Golem  Fire/Summ      9%         N/A       77%         4
 Summon Lightning Spire   Summ/Air       9%         N/A       77%         4
 Death Channel            Necr           16%        N/A       85%         6
 Arcjolt                  Conj/Air       4%         1d14      98%         5
 Fireball                 Conj/Fire      4%         3d4       98%         5
 Freezing Cloud           Conj/Ice/Air   4%         6-21      98%         5
 Irradiate                Conj/Alch      4%         3d13      98%         5
 Iskenderun's Battlesphe  Conj           9%         2d6       98%         5
 Lee's Rapid Deconstruct  Erth           4%         3d5*      98%         5
 Metabolic Englaciation   Hex/Ice        4%         N/A       98%         5
 Silence                  Hex/Air        4%         N/A       98%         5
 Summon Mana Viper        Hex/Summ       9%         N/A       98%         5
 Yara's Violent Unravell  Hex/Alch       4%         3d4       98%         5
 Bombard                  Conj/Erth      4%         9d2       100%        6
 Eringya's Noxious Bog    Alch           4%         4d6       100%        6
 Plasma Beam              Fire/Air       4%         2x1d14    100%        6
 Sculpt Simulacrum        Ice/Alch       4%         N/A       100%        6
 Starburst                Conj/Fire      4%         6d4       100%        6
 Summon Cactus Giant      Summ           4%         N/A       100%        6
 Haunt                    Necr/Summ      10%        N/A       100%        7
 Monstrous Menagerie      Summ           4%         N/A       100%        7
 Ozocubu's Refrigeration  Ice            4%         4d8       100%        7
 Spellforged Servitor     Conj/Summ      4%         N/A       100%        7
 Summon Hydra             Summ           4%         N/A       100%        7
 Borgnjor's Revivificati  Necr           16%        N/A       100%        8
 Discord                  Hex            4%         N/A       100%        8
 Ignition                 Fire           4%         3d4       100%        8
 Infestation              Necr           16%        N/A       100%        8
 Lehudib's Crystal Spear  Conj/Erth      4%         10d3      100%        8
 Maxwell's Capacitive Co  Air            4%         ∞         100%        8
 Chain Lightning          Conj/Air       4%         3d6       100%        9
 Death's Door             Necr           16%        N/A       100%        9
 Dragon's Call            Summ           4%         N/A       100%        9
 Fire Storm               Conj/Fire      4%         8d1       100%        9
 Polar Vortex             Ice            4%         N/A       100%        9
 Shatter                  Erth           4%         3d8*      100%        9
 Animate Dead             Necr           Unusable   N/A       N/A         4
 Animate Armour           Summ/Erth      Unusable   N/A       N/A         4

Inventory:

Missiles
 o - a throwing net {=f}
 u - 35 curare-tipped darts (quivered) {=f}
Armour
 r - a +2 pair of gloves (worn)
 y - a +0 pair of boots (worn)
 E - a scarf of resistance (worn)
 P - a +2 hat of see invisible (worn)
 Z - a +5 kite shield of fire resistance (worn)
Jewellery
 k - the ring of the Empire {Will+ rCorr}
   (You bought it in a shop on level 1 of the Snake Pit)

   [ring of resist corrosion]

   Will+:     It increases your willpower.
   rCorr:     It protects you from acid and corrosion.
 m - a ring of the Octopus King (left hand) {rCorr HP+2 AC+2 EV+2 SH+2}
   (You took it off a minotaur in a Gauntlet)

   [ring of resist corrosion]

   AC+2:      It affects your AC (+2).
   EV+2:      It affects your evasion (+2).
   HP+2:      It affects your health (+2).
   rCorr:     It protects you from acid and corrosion.
   SH+2:      It affects your SH (+2).
 C - the amulet "Nejusuc" (around neck) {Regen+ Int+4}
   (You found it on level 5 of a ziggurat)

   [amulet of regeneration]

   Int+4:     It affects your intelligence (+4).
   Regen+:    It increases your rate of health regeneration.
 D - the ring of Ennaal {rCorr SInv}
   (You took it off a yaktaur on level 5 of the Vaults)

   [ring of resist corrosion]

   SInv:      It lets you see invisible.
   rCorr:     It protects you from acid and corrosion.
 J - the amulet of the Jackalope {Regen+ SInv}
   (You found it on level 3 of the Crypt)

   [amulet of regeneration]

   SInv:      It lets you see invisible.
   Regen+:    It increases your rate of health regeneration.
 W - a ring of willpower (right hand)
Talismans
 B - a talisman of death (active)
 H - a granite talisman
Wands
 d - a wand of acid (12)
 i - a wand of flame (58)
 l - a wand of charming (59)
 z - a wand of polymorph (7)
 K - a wand of iceblast (47)
 L - a wand of mindburst (58)
 U - a wand of digging (11)
Scrolls
 a - 5 scrolls of blinking
 b - a scroll of summoning
 j - 2 scrolls of silence {!r}
 p - 3 scrolls of torment
 q - 12 scrolls of teleportation {@r2}
 s - 7 scrolls of fear
 A - 7 scrolls of enchant armour
 M - a scroll of amnesia
 R - 7 scrolls of poison
 S - 13 scrolls of immolation
 T - 7 scrolls of vulnerability
 V - 9 scrolls of fog
 X - 5 scrolls of revelation
Potions
 c - a potion of berserk rage {!q}
 f - 10 potions of magic
 g - 9 potions of haste {@q3}
 h - 3 potions of invisibility
 n - 8 potions of brilliance
 t - 20 potions of curing {@q1}
 v - 7 potions of enlightenment
 w - 4 potions of heal wounds {@q2}
 x - a potion of attraction
 F - a potion of cancellation
 G - 4 potions of resistance
 I - 16 potions of lignification
 Q - 8 potions of might
Miscellaneous
 e - a sack of spiders
 O - a phial of floods
 Y - a phantom mirror

Dungeon Overview and Level Annotations

Branches:
Dungeon (15/15)            Temple (1/1) D:5            Lair (5/5) D:11
  Swamp (4/4) Lair:2        Snake (4/4) Lair:3        Slime (0/5) Lair:5
    Orc (2/2) D:11            Elf (3/3) Orc:2        Vaults (5/5) D:13
  Crypt (3/3) Vaults:3       Tomb (0/3) Crypt:3      Depths (4/4) D:15
    Zot (2/5) Depths:4    Gauntlet (visited)

Altars:
Ashenzari
Cheibriados
Dithmenos
Elyvilon
Fedhas
Gozag
Hepliaklqana
Kikubaaqudgha
Makhleb
Nemelex Xobeh
Okawaru
Qazlal
Ru
Sif Muna
Trog
Uskayaw
Vehumet
Wu Jian
Xom
Yredelemnul
Zin
The Shining One
Jiyva

Shops:
D:4 [   D:13 :   Orc:2 [*[!   Elf:1 =![?   Snake:1 ?==   Vaults:2 (
Vaults:3 (   Vaults:4 *   Depths:2 !=::

Portals:
Hell: Depths:1 Depths:2 Depths:3 Depths:4
Abyss: Depths:2 Depths:3
Pandemonium: Depths:2
Trove: D:13 (give 13 potions of heal wounds)

Annotations:
D:14 2 transporters
Lair:5 exclusion: oklob plant
Elf:2 3 runed translucent doors
Vaults:3 3 runed translucent doors, crisisinutopia's ghost, adept MiFi
Crypt:1 exclusion: door ███████████

█.........█
████.........███
█...............
█......yz$....!:
█......yS....(!)
█......$S....!$∩
█∩......S....[=>
█.....$$$....$[∩
█............/!:
█...............
█...............
████.........██


You could see 2 spark wasps and 3 shock serpents.


Message History

The shock serpent shoots out a bolt of lightning at you!
The bolt of electricity hits the shock serpent.
The shock serpent completely resists.
The bolt of electricity hits you!!
* * * LOW HITPOINT WARNING * * *
You block the shock serpent's attack.
Okay, then.
Use which ability? (? or * to list) [a] - 315 gold - haste and heal wounds [b] - 300 gold - invisibility and might [c] - 520 gold - haste, heal wounds and berserk rage Purchase which effect?
You feel yourself speed up.
You feel much better.
You feel slightly irritated.
You are losing your grip on the fallen.
The spark wasp is no longer moving slowly.
The spark wasp is no longer weakened.
The shock serpent is no longer distracted by gold.
The shock serpent shoots out a bolt of lightning at you!
The bolt of electricity misses the shock serpent.
The bolt of electricity hits you!!
* * * LOW HITPOINT WARNING * * *
You block the spark wasp's attack. You block the shock serpent's attack.
You block the spark wasp's attack. The shock serpent bites you!
* * * LOW HITPOINT WARNING * * *
The shock serpent shocks you!
* * * LOW HITPOINT WARNING * * *
The shock serpent shoots out a bolt of lightning at you!
The bolt of electricity hits the shock serpent.
The shock serpent completely resists.
The bolt of electricity hits you!!
You die...
Your body crumbles into a pile of gold.

Skill      XL: |  1  2  3  4  5  6  7  8  9 10 11 12 13 14 15 16 17 18 19 20 21 22 23 24 |
---------------+-------------------------------------------------------------------------+-----
Fighting       | 2 3 4 5 6 7 10 11 12 14 16 18 19 20 21 22 | 22.0
Shapeshifting  | 4 5 7 10 13 16 18 20 21 22 23 | 23.5
Unarmed Combat | 4 7 9 10 11 12 14 15 17 18 | 18.0
Dodging        | 2 5 8 12 13 | 13.0
Translocations | 3 6 |  6.0
Shields        | 7 12 13 15 | 15.0
Stealth        | 5 |  5.0
Evocations     | 4 7 10 14 | 14.0
Spellcasting   | 10 | 10.0
Necromancy     | 6 |  6.0

Action                     |  1- 3 |  4- 6 |  7- 9 | 10-12 | 13-15 | 16-18 | 19-21 | 22-24 || total
---------------------------+-------+-------+-------+-------+-------+-------+-------+-------++-------
  Melee: Unarmed           |    94 |    71 |   371 |   780 |  1014 |  1725 |  1840 |  1814 ||  7709
         Tailslap          |     5 |     9 |    60 |   160 |   171 |   299 |   388 |   404 ||  1496
         Punch             |     1 |     2 |     1 |       |    49 |       |       |       ||    53
         Bite              |       |       |       |     4 |   108 |       |       |       ||   112
  Throw: Dart              |       |    20 |     2 |       |       |       |       |       ||    22
         Throwing net      |       |     2 |       |       |       |       |       |       ||     2
   Cast: Blink             |       |       |       |       |       |     1 |     4 |       ||     5
         Fugue of the Fall |       |       |       |       |       |       |       |     8 ||     8
 Invoke: Bribe Branch      |       |       |       |       |       |       |       |     1 ||     1
         Potion Petition   |       |       |       |       |       |       |       |     1 ||     1
Ability: Breathe Fire      |       |       |       |     1 |     3 |       |       |       ||     4
         Siphon Essence    |       |       |       |       |       |       |       |     2 ||     2
  Evoke: Wand              |       |       |       |       |       |       |     1 |     1 ||     2
    Use: Potion            |       |     1 |     3 |     5 |     2 |       |     5 |     9 ||    25
         Scroll            |       |       |     6 |     5 |    17 |     9 |     5 |     6 ||    48
   Stab: Held in net/web   |       |     2 |       |       |       |       |       |       ||     2
         Sleeping          |       |       |     1 |       |     1 |    13 |    12 |    10 ||    37
         Distracted        |       |       |       |     4 |     7 |    17 |     9 |    26 ||    63
         Petrified         |       |       |       |       |    11 |       |       |       ||    11
 Armour: Skin              |    54 |    24 |   133 |   428 |   832 |  1046 |  1240 |  1168 ||  4925
  Dodge: Dodged            |    82 |    29 |   253 |   785 |   735 |  1423 |  1679 |  1109 ||  6095
  Block: Kite shield       |       |       |       |       |   271 |  2402 |  2550 |  2588 ||  7811
         Reflection        |       |       |       |       |       |       |     2 |    72 ||    74
   Form: Flux              |       |       |     1 |       |       |       |       |       ||     1
         Dragon            |       |       |       |     2 |     2 |       |       |       ||     4
                           |       |       |       |     1 |     2 |       |     1 |       ||     4
         Statue            |       |       |       |       |     1 |     1 |     1 |     3 ||     6
         Death             |       |       |       |       |       |     1 |     1 |     4 ||     6

Levels and vault maps discovered:
D:1:      dpeg_arrival_rooms_a, layout_basic, minmay_pentomino_r2
D:2:      layout_loops_ring, basic_altar
D:3:      layout_basic, mainiacjoe_overflow_chevrons,
          hellmonk_ecumenical_altar_inner_sanctum
D:4:      layout_basic, mainiacjoe_overflow_brackets, serial_shops,
          nicolae_diamond_shop
D:5:      layout_basic, minmay_temple_entry_nine_rooms, grunt_ministairs_14,
          chequers_mini_garden
D:6:      layout_loops_ring, yredelemnul_forgotten_temple_becter,
          makhleb_altar_promises_db, grunt_dithmenos_shadows,
          gammafunk_ghost_nasty_kobolds, uniq_blork_the_orc, uniq_grinder,
          uniq_eustachio, uniq_menkaure
D:7:      layout_basic, overflow_temple_1_default, amethyst_killhole
D:8:      layout_basic, kennysheep_little_box
D:9:      layout_rooms, kennysheep_mini_moat, minitemple, st_stairs_6,
          nrook_loot_triangle, uniq_amaemon
D:10:     layout_long_grid, uniq_erica
D:11:     bobbens_index_wilting_gardens, layout_long_grid, david_lair_generic,
          orc_0_dummy, serial_glass, glass_columns_a, glass_columns_b
D:12:     layout_loops_ring, serial_ice, serial_ice_j, serial_ice_n,
          serial_ice_d, serial_ice_g, uniq_kirke
D:13:     layout_roguey, david_vaults_4, enter_trove_1, serial_shops,
          nicolae_shop_crystal, minmay_variable_closet
D:14:     gammafunk_the_bubble [the_bubble_gammafunk_split], layout_cave_pools,
          gammafunk_ghost_hydra_chop, gauntlet_entry_generic, uniq_lodul,
          uniq_roxanne
D:15:     hellmonk_depths_entry_around_the_bend, layout_irregular_city,
          evilmike_ruin_ashenzari, lemuel_flamethrower_3, uniq_azrael,
          uniq_rupert
Temple:   hellmonk_temple_of_storms
Lair:1:   layout_cave_shapes, basic_altar, uniq_maggie
Lair:2:   layout_cave_shapes, minmay_swamp_entry_swarm, minmay_lair_oklob_items,
          grunt_megastairs_3, infiniplex_staircase_pool, uniq_urug
Lair:3:   layout_gridlike, nicolae_snake_entry_squirm
Lair:4:   layout_loops_ring, special_room [special_room_bee],
          serial_bayou_pond_c, infiniplex_staircase_pool_2, grunt_megastairs_4
Lair:5:   hangedman_lair_tendril_chambers, layout_cellular_growth, wormcave,
          minmay_slime_entry_oklob_open, worms_lemuel, lemuel_fruit_tree
Swamp:1:  layout_basic_swamp, evilmike_swamp_ruin_house_3
Swamp:2:  layout_basic_swamp, nicolae_swamp_round_clearing, swamp_pool_4,
          nicolae_swamp_no_escape, nicolae_swamp_decorative_isthmus
Swamp:3:  nicolae_swamp_ascending_descending_big, layout_falls_marsh,
          nicolae_swamp_little_swirl, hangedman_swamp_pad
Swamp:4:  swamp_basic_johnstein, layout_basic_swamp, uniq_donald
Snake:1:  layout_rooms, serial_shops, nicolae_shop_waterfront, minmay_shoptagon
Snake:2:  layout_cave_pods, uniq_louise, uniq_nikola
Snake:3:  layout_honeycomb, drop_trap
Snake:4:  grunt_snake_rune_spirals, layout_onion, st_stairs_8,
          serial_bayou_shore_a, uniq_vashnia, uniq_mara
Orc:1:    layout_diamond_mine, uniq_sonja
Orc:2:    st_orc_pillars, layout_caves, uniq_erolcha
Elf:1:    layout_gridlike, serial_shops, nicolae_shop_peninsula, shop,
          nicolae_shop_gibbet_a_chance, nicolae_shop_statue_plus,
          nicolae_elf_blasts_and_bolts, bh_hangedman_babel_library
Elf:2:    nicolae_elf_blades_crystal_corner, layout_geoelf_octagon,
          minivault_13, uniq_zenata
Elf:3:    elf_hall, layout_gridlike
Vaults:1: lightli_enter_wizlab_magi_temple, hangedman_vaults_nodes,
          vaults_dpeg_emergency_exit, nicolae_vaults_little_ls,
          nicolae_vaults_hexular_roomagon, vaults_room_fours,
          nicolae_vaults_trapezoid_layered, nicolae_vaults_tetromino_L_1,
          layout_vaults_omnigrid, uniq_saint_roka, uniq_aizul
Vaults:2: nicolae_vaults_trapezoid_lopsided_4, v_misc_2, nicolae_vaults_prndl,
          vaults_room_pool, nicolae_vaults_tangram_2,
          nicolae_vaults_closet_pinwheel_3, v_misc_3,
          nicolae_vaults_storing_the_good_stuff, nicolae_vaults_tangram_2,
          v_alt_pattern_4, v_misc_27, hangedman_vaults_cutoff,
          ontoclasm_vaults_twist, layout_vaults_omnibox, serial_shops,
          nicolae_shop_just_a_little_nook
Vaults:3: gammafunk_ghost_split, nicolae_vaults_octothorpe,
          nicolae_vaults_storage_room_statues, hangedman_vaults_unwind,
          nicolae_vaults_diamond_1, nicolae_vaults_turnstiles,
          minmay_crypt_entry_simple_sparse, nicolae_vaults_cornered_office,
          v_rooms_3, vaults_room_door_ring,
          nicolae_vaults_taking_the_gang_shopping, layout_vaults_big_cross
Vaults:4: nicolae_vaults_twisting_passages, nicolae_vaults_tangram_1,
          nicolae_vaults_house_3, nicolae_vaults_variable_pillar_hall,
          nicolae_vaults_cochlea, nicolae_vaults_closet_pinwheel_2,
          vaults_room_stairs_pillars, vaults_room_fours,
          layout_vaults_chaotic_city, serial_shops,
          nicolae_shop_tiny_real_fake_doors
Vaults:5: serial_shops
Crypt:1:  evilmike_wizard_prison, layout_catacombs, feat_on_display
Crypt:2:  layout_misc_corridors, hellmonk_ghost_big_iron,
          nicolae_crypt_small_crypt
Crypt:3:  cryptofortress_bobbens
Depths:1: layout_basic, minmay_misc_feat_plants,
          grunt_hell_entry_demonic_statue, minmay_misc_feat_diagonals,
          grunt_ministairs_1, st_stairs_12, due_unseen_surprise
Depths:2: minmay_connected_triangles_in_corner, layout_cave_pools, serial_shops,
          nicolae_shop_tiny_waterfront, nrook_mini_backslash, abyss_entry,
          hell_entry, rand_demon_pan_entry_1, infiniplex_staircase_x,
          minmay_shop_grove
Depths:3: minmay_concentric_multi, layout_honeycomb, enter_ziggurat_d,
          minmay_room_of_horrors, hell_entry, fountainhead,
          minmay_staircase_windowed_small
Depths:4: evilmike_zot_entry_round, layout_long_grid, nicolae_zig_zag_zippers,
          hangedman_coc_ice_floe
Zot:1:    layout_twisted_circle, regret_index_zotdec_gossamer_gf,
          st_single_dragon_hoard_4
Zot:2:    layout_gridlike, grunt_megastairs_1
Zig:7

Notes
Turn   | Place    | Note
-------+----------+-------------------------------------------
     0 | D:1      | FeralFrog the Draconian Shapeshifter began the quest for
                  | the Orb.
     0 | D:1      | Reached XP level 1. HP: 16/16 MP: 1/1
   130 | D:1      | Reached skill level 2 in Fighting
   196 | D:1      | Reached XP level 2. HP: 24/25 MP: 2/2
   307 | D:1      | Reached skill level 3 in Fighting
   667 | D:1      | Reached XP level 3. HP: 31/31 MP: 3/3
  1097 | D:2      | Found a radiant altar of Vehumet.
  1377 | D:2      | Reached XP level 4. HP: 34/40 MP: 4/4
  2044 | D:3      | Reached skill level 4 in Fighting
  2082 | D:3      | Found a faded altar of an unknown god.
  2131 | D:3      | Found a hazy altar of Hepliaklqana.
  2209 | D:3      | Reached skill level 4 in Shapeshifting
  2317 | D:3      | Noticed a scorpion
  2326 | D:3      | Killed a scorpion
  2327 | D:3      | Reached XP level 5. HP: 44/47 MP: 5/5
  2838 | D:4      | You fall into a shaft and drop 2 floors!
  2843 | D:6      | Noticed Blork the orc
  2859 | D:6      | Killed Blork the orc
  2860 | D:6      | Reached skill level 5 in Fighting
  2860 | D:6      | Reached XP level 6. HP: 52/56 MP: 6/6
  2894 | D:6      | Noticed Eustachio
  2908 | D:6      | Killed Eustachio
  2909 | D:6      | Reached skill level 5 in Shapeshifting
  2926 | D:6      | Noticed Menkaure
  2933 | D:6      | Noticed a wyvern
  2942 | D:6      | Killed Menkaure
  2943 | D:6      | Your scales start taking on a fiery red colour.
  2943 | D:6      | Reached XP level 7. HP: 16/61 MP: 7/7
  2943 | D:6      | Gained mutation: Your flesh is heat resistant. (rF+) [Red
                  | Draconian growth]
  3155 | D:6      | Reached skill level 4 in Unarmed Combat
  3200 | D:6      | Reached skill level 6 in Fighting
  3200 | D:6      | Reached skill level 6 in Shapeshifting
  3303 | D:6      | Found a basalt altar of Yredelemnul.
  3418 | D:6      | Noticed Grinder
  3421 | D:5      | Entered Level 5 of the Dungeon
  3422 | D:5      | Noticed a shadow
  3441 | D:5      | HP: 5/63 [shadow (9)]
  3444 | D:5      | Killed a shadow
  3445 | D:5      | Reached skill level 7 in Shapeshifting
  3445 | D:5      | Reached XP level 8. HP: 33/70 MP: 8/8
  3672 | D:5      | Found a staircase to the Ecumenical Temple.
  3702 | Temple   | Entered the Ecumenical Temple
  3936 | D:4      | Reached skill level 5 in Unarmed Combat
  4107 | D:4      | Reached skill level 7 in Fighting
  4265 | D:4      | Found a shimmering blue altar of Sif Muna.
  4407 | D:4      | Found Ziral's Antique Armour Shoppe.
  4417 | D:4      | Bought a glowing cloak for 157 gold pieces
  4644 | D:5      | Reached skill level 6 in Unarmed Combat
  4958 | D:6      | Reached skill level 7 in Unarmed Combat
  5092 | D:6      | Found a runed translucent gate.
  5092 | D:6      | Found a runed translucent gate.
  5092 | D:6      | Found a runed translucent gate.
  5094 | D:6      | Noticed Seamuus's ghost (amateur HOMo)
  5156 | D:6      | Found a shadowy altar of Dithmenos.
  5255 | D:6      | Found a burning altar of Makhleb.
  5263 | D:6      | Noticed a balrug
  5266 | D:6      | Noticed an orange demon
  5266 | D:6      | Noticed a smoke demon
  5328 | D:6      | Paralysed by Grinder for 2 turns
  5333 | D:6      | Killed Grinder
  5334 | D:6      | Reached XP level 9. HP: 70/79 MP: 9/9
  5433 | D:6      | Got the Codex of Tephra and Ashes
  5465 | D:6      | Reached skill level 8 in Shapeshifting
  5881 | D:7      | Reached skill level 9 in Shapeshifting
  5933 | D:7      | Found a glowing golden altar of the Shining One.
  6316 | D:7      | Reached skill level 10 in Shapeshifting
  6446 | D:7      | Reached skill level 2 in Dodging
  6527 | D:8      | Reached XP level 10. HP: 82/86 MP: 10/10
  6598 | D:8      | Reached skill level 3 in Dodging
  6816 | D:8      | Found a white marble altar of Elyvilon.
  7184 | D:8      | Reached skill level 8 in Fighting
  7361 | D:9      | Reached skill level 8 in Unarmed Combat
  7484 | D:9      | Reached skill level 4 in Dodging
  7848 | D:9      | Found a sparkling altar of Nemelex Xobeh.
  7927 | D:9      | Noticed Amaemon
  7927 | D:9      | Noticed an orange demon
  7944 | D:9      | Killed an orange demon
  7945 | D:9      | Reached skill level 9 in Fighting
  7954 | D:9      | Killed Amaemon
  7955 | D:9      | Reached skill level 5 in Dodging
  7962 | D:9      | Reached skill level 9 in Unarmed Combat
  8059 | D:9      | Found an iron altar of Okawaru.
  8068 | D:9      | Found a sacrificial altar of Ru.
  8069 | D:9      | Found an opulent altar of Gozag.
  8070 | D:9      | Found a broken altar of Ashenzari.
  8072 | D:9      | Became a worshipper of Gozag Ym Sagoz the Greedy
  8074 | D:9      | Found an ancient bone altar of Kikubaaqudgha.
  8075 | D:9      | Found an ornate altar of the Wu Jian Council.
  8076 | D:9      | Found a blossoming altar of Fedhas.
  8179 | D:10     | Entered Level 10 of the Dungeon
  8197 | D:10     | Noticed Erica
  8372 | D:10     | Killed Erica
  8464 | D:10     | Reached skill level 10 in Fighting
  8464 | D:10     | Reached XP level 11. HP: 94/99 MP: 11/11
  8508 | D:10     | Reached skill level 10 in Unarmed Combat
  9056 | D:10     | Identified 2 potions of resistance
  9292 | D:11     | Found a staircase to the Orcish Mines.
  9401 | D:11     | Noticed a boulder beetle
  9418 | D:11     | Paralysed by a hornet for 3 turns
  9446 | D:11     | Reached skill level 11 in Shapeshifting
  9455 | D:11     | Killed a boulder beetle
  9737 | D:11     | Found a staircase to the Lair.
  9737 | D:11     | Noticed a two-headed ogre
  9771 | D:11     | Killed a two-headed ogre
  9772 | D:11     | Reached skill level 12 in Shapeshifting
  9782 | D:11     | HP: 6/99 [yak (9)]
 10402 | D:11     | Noticed a necromancer
 10408 | D:11     | Killed a necromancer
 10437 | D:11     | Reached skill level 13 in Shapeshifting
 10694 | D:11     | Reached XP level 12. HP: 102/106 MP: 12/12
 11214 | D:11     | Reached skill level 14 in Shapeshifting
 11219 | D:11     | HP: 9/106 [centaur warrior zombie (4)]
 11224 | D:11     | HP: 7/106 [centaur warrior zombie (4)]
 11769 | D:11     | Identified the amulet "Omaujano" {Faith Rampage rElec rC-
                  | Dex-4}
 11775 | D:11     | Identified the +7 rapier of the Volcano {freeze, rElec rF+
                  | rN+ Int-5}
 12009 | D:11     | Noticed a two-headed ogre
 12017 | D:11     | Killed a two-headed ogre
 12512 | Lair:1   | Entered Level 1 of the Lair of Beasts
 12624 | Lair:1   | Found a white marble altar of Elyvilon.
 12666 | Lair:1   | Noticed Maggie
 12690 | Lair:1   | Killed Maggie
 12707 | Lair:1   | Reached skill level 15 in Shapeshifting
 13514 | Lair:2   | Found a staircase to the Swamp.
 13698 | Lair:2   | Noticed a four-headed hydra
 13705 | Lair:2   | Killed a six-headed hydra
 13720 | Lair:2   | Noticed Urug
 13726 | Lair:2   | Killed Urug
 13727 | Lair:2   | Noticed a catoblepas
 13747 | Lair:2   | Killed a catoblepas
 13880 | Lair:2   | Reached skill level 16 in Shapeshifting
 13880 | Lair:2   | Reached XP level 13. HP: 113/113 MP: 13/13
 14115 | Lair:2   | HP: 14/169 [skyshark (7)]
 14608 | Lair:2   | Reached skill level 6 in Dodging
 15040 | Lair:2   | Found the +7 great mace "Undeadhunter" {deathbane, rN+}
 15722 | Lair:3   | Found a staircase to the Snake Pit.
 16289 | Lair:3   | Reached skill level 7 in Dodging
 16978 | Lair:4   | Reached skill level 11 in Fighting
 17148 | Lair:4   | Reached skill level 11 in Unarmed Combat
 17157 | Lair:4   | Reached skill level 8 in Dodging
 17523 | Lair:4   | You are sucked into a shaft and drop 1 floor!
 17523 | Lair:5   | Entered Level 5 of the Lair of Beasts
 17524 | Lair:5   | Paralysed by a hornet for 2 turns
 17533 | Lair:5   | Paralysed by a hornet for 3 turns
 18583 | Lair:5   | Reached XP level 14. HP: 124/124 MP: 14/14
 18630 | Lair:5   | Reached skill level 9 in Dodging
 19264 | Lair:5   | Reached skill level 12 in Fighting
 19593 | Lair:5   | Reached skill level 10 in Dodging
 19711 | Lair:5   | Reached skill level 12 in Unarmed Combat
 19771 | Lair:5   | Found a viscous altar of Jiyva.
 19793 | Lair:5   | Found a staircase to the Slime Pits.
 20563 | Lair:5   | Reached skill level 11 in Dodging
 21588 | Lair:4   | Reached skill level 12 in Dodging
 22523 | D:6      | Killed Seamuus's ghost
 22637 | D:6      | Got the Elucidation of the Felsic Faeries
 23426 | D:12     | Noticed Kirke
 23449 | D:12     | Killed Kirke
 23450 | D:12     | Reached XP level 15. HP: 134/134 MP: 15/15
 23968 | D:13     | Identified the +7 mace of the Lettuce {vamp, Str+3 Stlth+}
 24035 | D:13     | Reached skill level 13 in Fighting
 24321 | D:13     | Reached skill level 13 in Unarmed Combat
 24404 | D:13     | Found Sediogh's Book Shoppe.
 24465 | D:13     | Found a portal to a secret trove of treasure.
 24890 | D:13     | Found a gate to the Vaults.
 24898 | D:13     | Identified the ring of Prescription {Ice rN+ Str+3}
 24923 | D:13     | Learned a level 2 spell: Blink
 25126 | D:14     | Found a gate leading to a gauntlet.
 25137 | D:14     | Reached skill level 1 in Translocations
 25152 | Gauntlet | Entered a Gauntlet
 25152 | Gauntlet | Found a transporter.
 25152 | Gauntlet | Found a transporter.
 25152 | Gauntlet | Found a transporter.
 25392 | Gauntlet | Found a transporter.
 25395 | Gauntlet | Found a transporter.
 25395 | Gauntlet | Found a transporter.
 25405 | Gauntlet | Found a transporter.
 25409 | Gauntlet | Found a transporter.
 25421 | Gauntlet | Found a transporter.
 25424 | Gauntlet | Found a transporter.
 25443 | Gauntlet | Found a transporter.
 25447 | Gauntlet | Found a transporter.
 25520 | Gauntlet | Found the +5 moon troll leather armour {Spirit, Regen++
                  | MP+5}
 25646 | Gauntlet | Reached skill level 2 in Translocations
 25771 | Gauntlet | Identified the -1 cloak of Shielding {Dex+3 SInv}
 25788 | Gauntlet | Identified a +2 crystal plate armour
 25788 | Gauntlet | Found the ring of the Octopus King {rCorr HP+2 AC+2 EV+2
                  | SH+2}
 25803 | Gauntlet | Identified the +0 robe of Idaholaps {rPois rC+++ rN+ Str-3}
 25807 | Gauntlet | Identified the +0 robe of the Gravedigger {Will+ Int+2
                  | Stlth-}
 25808 | Gauntlet | Got the Folio of the Frigid Blaze
 26051 | D:14     | Noticed Lodul
 26073 | D:14     | Killed Lodul
 26389 | D:14     | Noticed a tengu reaver
 26391 | D:14     | Reached skill level 3 in Translocations
 26396 | D:14     | Reached skill level 14 in Fighting
 26568 | D:14     | Found a runed translucent gate.
 26570 | D:14     | Found a runed translucent gate.
 26570 | D:14     | Noticed jimmypageman's ghost (journeyman MiFi)
 26571 | D:14     | Found a runed translucent gate.
 26741 | D:14     | Noticed Roxanne
 26764 | D:14     | Killed Roxanne
 26798 | D:14     | Reached skill level 14 in Unarmed Combat
 26907 | D:14     | Found a transporter.
 26907 | D:14     | Found a transporter.
 27083 | D:14     | Killed jimmypageman's ghost
 27382 | D:15     | Entered Level 15 of the Dungeon
 27415 | D:15     | Reached skill level 1 in Shields
 27425 | D:15     | Reached skill level 2 in Shields
 27539 | D:15     | Reached skill level 3 in Shields
 27637 | D:15     | Reached skill level 4 in Shields
 27696 | D:15     | Noticed Rupert
 27710 | D:15     | Killed Rupert
 27917 | D:15     | Reached skill level 5 in Shields
 27987 | D:15     | Reached skill level 6 in Shields
 28079 | D:15     | Found a staircase to the Depths.
 28306 | D:15     | Noticed Azrael
 28324 | D:15     | Killed Azrael
 28325 | D:15     | Reached skill level 7 in Shields
 28325 | D:15     | Reached XP level 16. HP: 146/146 MP: 16/16
 28377 | D:15     | Found a broken altar of Ashenzari.
 28767 | Swamp:1  | Entered Level 1 of the Swamp
 28800 | Swamp:1  | Reached skill level 1 in Stealth
 28974 | Swamp:1  | Reached skill level 2 in Stealth
 29143 | Swamp:1  | Reached skill level 8 in Shields
 29216 | Swamp:1  | Reached skill level 3 in Stealth
 29864 | Swamp:2  | Reached skill level 4 in Stealth
 30067 | Swamp:2  | Reached skill level 9 in Shields
 30147 | Swamp:2  | Noticed a thorn hunter
 30159 | Swamp:2  | Reached skill level 5 in Stealth
 30183 | Swamp:1  | Killed a thorn hunter
 30587 | Swamp:2  | Reached skill level 10 in Shields
 31115 | Swamp:3  | Noticed a tentacled monstrosity
 31127 | Swamp:3  | Killed a tentacled monstrosity
 31259 | Swamp:3  | Noticed a tentacled monstrosity
 31276 | Swamp:3  | Killed a tentacled monstrosity
 31277 | Swamp:3  | Reached skill level 11 in Shields
 31946 | Snake:1  | Entered Level 1 of the Snake Pit
 32048 | Snake:1  | Found Ocitwor's Jewellery Emporium.
 32056 | Snake:1  | Found Dukefete's Jewellery Shoppe.
 32074 | Snake:1  | Bought the ring of the Empire {Will+ rCorr} for 521 gold
                  | pieces
 32074 | Snake:1  | Bought a talisman of death for 1280 gold pieces
 32198 | Snake:1  | Reached skill level 12 in Shields
 32376 | Snake:1  | Found Fiucaf's Magic Scroll Shoppe.
 32417 | Snake:1  | Bought a scroll of enchant armour for 97 gold pieces
 32835 | Snake:2  | Noticed Louise
 32881 | Snake:2  | Killed Louise
 32897 | Snake:2  | Reached XP level 17. HP: 92/154 MP: 17/17
 33207 | Snake:2  | Noticed Nikola
 33304 | Snake:2  | Killed Nikola
 33831 | Snake:3  | Reached skill level 15 in Fighting
 34010 | Snake:3  | Reached skill level 17 in Shapeshifting
 34969 | Snake:4  | Entered Level 4 of the Snake Pit
 34999 | Snake:4  | Noticed Mara
 35003 | Snake:4  | Noticed FeralFrog's illusion
 35116 | Snake:4  | Noticed FeralFrog's illusion
 35124 | Snake:4  | Noticed FeralFrog's illusion
 35158 | Snake:4  | Killed Mara
 35159 | Snake:4  | Reached skill level 18 in Shapeshifting
 35887 | Snake:4  | Reached skill level 15 in Unarmed Combat
 36087 | Snake:4  | Noticed Vashnia
 36149 | Snake:4  | Killed Vashnia
 36509 | Snake:4  | Reached skill level 16 in Fighting
 36522 | Snake:4  | Reached XP level 18. HP: 166/166 MP: 18/18
 37119 | Snake:4  | Reached skill level 13 in Shields
 37630 | Snake:4  | Reached skill level 17 in Fighting
 37640 | Snake:4  | Got a serpentine rune of Zot
 37643 | Snake:4  | Learned a level 1 spell: Apportation
 38027 | Vaults:1 | Entered Level 1 of the Vaults
 38027 | Vaults:1 | Identified the serpent talisman of Wuulaxtu {rN+}
 38027 | Vaults:1 | Noticed Aizul
 38036 | Vaults:1 | Killed Aizul
 38099 | Vaults:1 | Reached skill level 4 in Translocations
 38244 | Vaults:1 | Reached skill level 5 in Translocations
 38289 | Vaults:1 | Noticed Saint Roka
 38292 | Vaults:1 | Identified a +2 robe of resistance
 38305 | Vaults:1 | Killed Saint Roka
 38312 | Vaults:1 | Reached skill level 6 in Translocations
 38330 | Vaults:1 | Reached skill level 1 in Evocations
 38343 | Vaults:1 | Reached skill level 2 in Evocations
 38889 | Vaults:1 | Reached skill level 3 in Evocations
 39026 | Vaults:1 | Reached skill level 4 in Evocations
 40123 | Orc:1    | Entered Level 1 of the Orcish Mines
 40306 | Orc:1    | Noticed Sonja
 40313 | Orc:1    | Killed Sonja
 40494 | Orc:2    | Entered Level 2 of the Orcish Mines
 40494 | Orc:2    | Found a staircase to the Elven Halls.
 40835 | Orc:2    | Reached skill level 18 in Fighting
 41376 | Orc:2    | Noticed Erolcha
 41383 | Orc:2    | Killed Erolcha
 41759 | Orc:2    | Found Baxaoss's Armour Shoppe.
 41762 | Orc:2    | Found Gaog's Armour Emporium.
 41763 | Orc:2    | Found Liemi's Distillery.
 41764 | Orc:2    | Found Nysuac's General Store.
 41990 | Swamp:4  | Entered Level 4 of the Swamp
 42074 | Swamp:3  | Reached XP level 19. HP: 179/179 MP: 19/19
 42159 | Swamp:4  | Noticed Donald
 42172 | Swamp:4  | Killed Donald
 42666 | Swamp:4  | Reached skill level 19 in Shapeshifting
 43132 | Swamp:4  | Got a decaying rune of Zot
 43934 | Vaults:2 | Reached skill level 5 in Evocations
 44791 | Vaults:2 | Found Nuatod's Weapon Emporium.
 44805 | Vaults:2 | Reached skill level 6 in Evocations
 44807 | Vaults:2 | Reached skill level 19 in Fighting
 44868 | Vaults:2 | Reached skill level 7 in Evocations
 45374 | Vaults:2 | Identified the +0 helmet of Feasting {Dex+6 Slay-6}
 45468 | Vaults:2 | Identified the +1 robe of Indomitability {rCorr Stlth+}
 45623 | Vaults:3 | Found a staircase to the Crypt.
 45926 | Vaults:3 | Found Webliog's Weapon Shop.
 46075 | Vaults:3 | Reached skill level 20 in Shapeshifting
 46176 | Vaults:3 | Reached XP level 20. HP: 191/191 MP: 20/20
 46422 | Vaults:3 | Found a runed translucent gate.
 46422 | Vaults:3 | Found a runed translucent gate.
 46423 | Vaults:3 | Found a runed translucent gate.
 46423 | Vaults:3 | Noticed crisisinutopia's ghost (adept MiFi)
 47187 | Vaults:3 | Reached skill level 16 in Unarmed Combat
 48101 | Vaults:4 | Found Qetaps's General Store.
 48352 | Vaults:4 | Reached skill level 17 in Unarmed Combat
 49380 | Elf:1    | Entered Level 1 of the Elven Halls
 49823 | Elf:1    | Reached skill level 13 in Dodging
 49836 | Elf:1    | Paralysed by an air elemental for 1 turns
 49944 | Elf:1    | Found Solefepy's Distillery.
 49952 | Elf:1    | Bought a potion of invisibility for 136 gold pieces
 49952 | Elf:1    | Bought a potion of might for 68 gold pieces
 50045 | Elf:1    | Got the Handbook of Sand
 50127 | Elf:1    | Found Pevyv's Magic Scroll Emporium.
 50348 | Elf:1    | Found Wimer's Armour Shop.
 50431 | Elf:1    | Found Caezoemo's Jewellery Emporium.
 50795 | Depths:1 | Entered Level 1 of the Depths
 51433 | Depths:1 | Reached skill level 21 in Shapeshifting
 51782 | Depths:1 | Gained mutation: You occasionally lose the ability to read
                  | scrolls when taking damage. [a cacodemon]
 51787 | Depths:1 | Gained mutation: Your body sometimes deteriorates upon
                  | taking damage. [a cacodemon]
 51817 | Depths:1 | Reached XP level 21. HP: 198/198 MP: 21/21
 51995 | D:15     | Lost mutation: Your body sometimes deteriorates upon taking
                  | damage. [potion of mutation]
 51995 | D:15     | Lost mutation: You occasionally lose the ability to read
                  | scrolls when taking damage. [potion of mutation]
 51995 | D:15     | Gained mutation: You are frail. (-10% HP) [potion of
                  | mutation]
 51995 | D:15     | Gained mutation: Your muscles are strong. (Str +4, Int/Dex
                  | -1) [potion of mutation]
 51996 | D:15     | Lost mutation: You are frail. (-10% HP) [potion of
                  | mutation]
 51996 | D:15     | Lost mutation: Your muscles are strong. (Str +4, Int/Dex
                  | -1) [potion of mutation]
 51996 | D:15     | Gained mutation: You are dopey. (Int -2) [potion of
                  | mutation]
 52103 | Depths:1 | Found a gateway to Hell.
 52722 | Depths:2 | Noticed a golden dragon
 52735 | Depths:1 | Killed a golden dragon
 52921 | Depths:2 | Gained mutation: Your magical capacity is low. (-10% MP) [a
                  | shining eye]
 53188 | Depths:2 | Found a one-way gate to the infinite horrors of the Abyss.
 53463 | Depths:2 | Reached skill level 22 in Shapeshifting
 53799 | Depths:2 | Found Queriet's Distillery.
 53868 | Depths:2 | HP: 12/260 [spriggan air mage/the air (24)]
 53869 | Depths:2 | HP: 5/260 [spriggan rider/+0 spear (8)]
 53877 | Depths:1 | HP: 13/260 [spriggan air mage/the air (15)]
 54484 | Depths:2 | Identified the ring "Cokhlax" {Fly rPois rF+ Int-5 SInv}
 54620 | Depths:2 | Bought a potion of might for 56 gold pieces
 54620 | Depths:2 | Bought a potion of resistance for 140 gold pieces
 54696 | Depths:2 | Identified a scarf of resistance
 54780 | Depths:2 | Reached skill level 20 in Fighting
 54991 | Depths:2 | Found Giquagam's Jewellery Boutique.
 54991 | Depths:2 | Found Keseq's Book Shoppe.
 54992 | Depths:2 | Found Jiopp's Book Shoppe.
 55029 | Depths:2 | Found a one-way gate leading to the halls of Pandemonium.
 55851 | Depths:3 | Reached skill level 18 in Unarmed Combat
 55946 | Depths:3 | Noticed a golden dragon
 55961 | Depths:3 | Killed a golden dragon
 55996 | Depths:3 | Found the +4 robe of Folly {Brill Will-∞ Int+8}
 56421 | Depths:3 | Found a one-way gateway to a ziggurat.
 56743 | Depths:3 | Noticed a golden dragon
 56754 | Depths:3 | Killed a golden dragon
 56943 | Depths:3 | Reached XP level 22. HP: 209/209 MP: 19/19
 57048 | Depths:4 | Entered Level 4 of the Depths
 57573 | Depths:4 | Reached skill level 23 in Shapeshifting
 57591 | Depths:4 | Noticed a golden dragon
 57603 | Depths:4 | Killed a golden dragon
 57634 | Depths:4 | HP: 19/274 [rakshasa/lance of force (23)]
 57634 | Depths:4 | HP: 5/274 [rock wall collision (14)]
 58055 | Depths:4 | Found a gate to the Realm of Zot.
 58724 | Crypt:1  | Entered Level 1 of the Crypt
 58743 | Crypt:1  | Paralysed by a vampire knight for 5 turns
 58846 | Crypt:1  | Paralysed by a vampire knight for 4 turns
 58865 | Crypt:1  | Reached skill level 1 in Spellcasting
 58941 | Crypt:1  | Reached skill level 2 in Spellcasting
 59022 | Crypt:1  | Reached skill level 3 in Spellcasting
 59222 | Crypt:1  | You fall into a shaft and drop 1 floor!
 59222 | Crypt:2  | Noticed Teduw's ghost (veteran MiGl)
 59222 | Crypt:2  | Found a runed translucent door.
 60530 | Crypt:2  | Reached skill level 21 in Fighting
 60530 | Crypt:2  | Reached skill level 4 in Spellcasting
 60676 | Crypt:2  | Reached skill level 5 in Spellcasting
 60759 | Crypt:2  | Got Pathrut's Meditations on the Elliptic Oath
 60924 | Crypt:2  | Killed Teduw's ghost
 61061 | Crypt:3  | Entered Level 3 of the Crypt
 61130 | Crypt:3  | Reached skill level 6 in Spellcasting
 61343 | Crypt:3  | Got the Octavo of the Dead
 61381 | Crypt:3  | Reached skill level 7 in Spellcasting
 61663 | Crypt:3  | Reached skill level 8 in Spellcasting
 61947 | Crypt:3  | Reached skill level 9 in Spellcasting
 62107 | Crypt:3  | Identified the amulet of the Jackalope {Regen+ SInv}
 62107 | Crypt:3  | Identified the ring of Sach {rN+ Str-2 Int+7}
 62235 | Crypt:3  | Noticed a dread lich
 62249 | Crypt:3  | Killed a dread lich
 62258 | Crypt:3  | Found an ancient bone altar of Kikubaaqudgha.
 62336 | Crypt:3  | Found a staircase to the Tomb.
 62763 | Elf:2    | Reached skill level 10 in Spellcasting
 62766 | Elf:2    | Reached XP level 23. HP: 220/220 MP: 33/33
 62931 | Elf:2    | Paralysed by an air elemental for 1 turns
 63141 | Elf:2    | Found a runed translucent gate.
 63142 | Elf:2    | Found a runed translucent gate.
 63142 | Elf:2    | Found a runed translucent gate.
 63177 | Elf:2    | Reached skill level 14 in Shields
 63264 | Elf:2    | Found a runed translucent door.
 63547 | Elf:3    | Entered Level 3 of the Elven Halls
 63918 | Elf:3    | Reached skill level 15 in Shields
 64107 | Elf:3    | Paralysed by an air elemental for 1 turns
 64313 | Elf:3    | Reached skill level 8 in Evocations
 64574 | Elf:3    | Identified the +4 mace "Nuapp" {pain, Dex+2}
 64954 | Elf:3    | Reached skill level 9 in Evocations
 65365 | Elf:3    | Got the Almanac of Accompaniment and the Alembic
 65413 | Elf:3    | Identified the staff "Mapaeg" {*Corrode rElec Int-3 Dex+8
                  | Conj}
 65442 | Elf:3    | Identified the +0 ring mail "Arapn" {-Cast rElec rF- Str+7}
 65449 | Elf:3    | Identified the staff of the Illusory Bones {rElec rF+ Str+4
                  | Int-5 SInv Air}
 65452 | Elf:3    | Identified the +0 pair of boots of Uqahuirr {Regen+}
 65495 | Elf:3    | Got the Book of Frost
 65498 | Elf:3    | Got the Omnibus of the Harmful Burn
 65623 | Elf:3    | Reached skill level 10 in Evocations
 65627 | Elf:3    | Learned a level 3 spell: Fugue of the Fallen
 65728 | Elf:3    | Reached skill level 1 in Necromancy
 66130 | Vaults:5 | Entered Level 5 of the Vaults
 66142 | Vaults:5 | Reached skill level 2 in Necromancy
 66154 | Vaults:5 | Reached skill level 3 in Necromancy
 66215 | Vaults:5 | Noticed a dread lich
 66223 | Vaults:5 | Noticed a dread lich
 66224 | Vaults:5 | Reached skill level 4 in Necromancy
 66226 | Vaults:5 | Paralysed by a dread lich for 2 turns
 66229 | Vaults:5 | Killed a dread lich
 66236 | Vaults:5 | Reached skill level 5 in Necromancy
 66296 | Vaults:5 | Reached skill level 6 in Necromancy
 66308 | Vaults:5 | Killed a dread lich
 66314 | Vaults:5 | Identified the ring of Ennaal {rCorr SInv}
 66758 | Vaults:5 | Found the +9 sword of Zonguldrok {reap}
 66877 | Vaults:5 | Paralysed by a sphinx for 4 turns
 67233 | Vaults:5 | Identified the staff "Leqaff" {rElec Conj Earth}
 67779 | Vaults:5 | Got a silver rune of Zot
 68142 | Zot:1    | Entered Level 1 of the Realm of Zot
 68182 | Zot:1    | Reached skill level 22 in Fighting
 68194 | Zot:1    | Reached XP level 24. HP: 131/231 MP: 33/33
 68553 | Zot:1    | Noticed an electric golem
 68567 | Zot:1    | Killed an electric golem
 68688 | Zot:1    | Noticed a curse toe
 68690 | Zot:1    | Killed a curse toe
 68705 | Zot:1    | Reached skill level 11 in Evocations
 69078 | Zot:1    | Reached skill level 12 in Evocations
 69407 | Zot:1    | Identified the +4 chain mail of Midnight {Str+2}
 69968 | Zot:2    | Reached skill level 13 in Evocations
 70113 | Zot:2    | Gained mutation: You are vulnerable to cold. (rC-) [a
                  | shining eye]
 70113 | Zot:2    | Gained mutation: You occasionally shout uncontrollably at
                  | your foes. [a shining eye]
 70114 | Zot:2    | Gained mutation: You frequently scream uncontrollably at
                  | your foes. [a shining eye]
 70122 | Zot:2    | Gained mutation: Your spells are a little easier to cast,
                  | but a little less powerful. [a shining eye]
 70122 | Zot:2    | Gained mutation: You are very dopey. (Int -4) [a shining
                  | eye]
 70122 | Zot:2    | Gained mutation: You are very vulnerable to cold. (rC--) [a
                  | shining eye]
 70125 | Zot:2    | Gained mutation: Your health recovers twice as slowly from
                  | being drained. [a shining eye]
 70679 | Depths:3 | Lost mutation: Your spells are a little easier to cast, but
                  | a little less powerful. [potion of mutation]
 70679 | Depths:3 | Lost mutation: You frequently scream uncontrollably at your
                  | foes. [potion of mutation]
 70679 | Depths:3 | Gained mutation: You are frail. (-10% HP) [potion of
                  | mutation]
 70679 | Depths:3 | Gained mutation: You are partially covered in large bone
                  | plates. (SH +4) [potion of mutation]
 70680 | Depths:3 | Lost mutation: You are very vulnerable to cold. (rC--)
                  | [potion of mutation]
 70680 | Depths:3 | Lost mutation: You are very dopey. (Int -4) [potion of
                  | mutation]
 70680 | Depths:3 | Lost mutation: You are dopey. (Int -2) [potion of mutation]
 70680 | Depths:3 | Lost mutation: Your health recovers twice as slowly from
                  | being drained. [potion of mutation]
 70680 | Depths:3 | Gained mutation: You are somewhat resistant to further
                  | mutation. [potion of mutation]
 70681 | Depths:3 | Lost mutation: Your magical capacity is low. (-10% MP)
                  | [potion of mutation]
 70681 | Depths:3 | Lost mutation: You are frail. (-10% HP) [potion of
                  | mutation]
 70681 | Depths:3 | Gained mutation: You frequently scream uncontrollably at
                  | your foes. [potion of mutation]
 70682 | Depths:3 | Lost mutation: You are vulnerable to cold. (rC-) [potion of
                  | mutation]
 70682 | Depths:3 | Lost mutation: You are somewhat resistant to further
                  | mutation. [potion of mutation]
 70682 | Depths:3 | Lost mutation: You frequently scream uncontrollably at your
                  | foes. [potion of mutation]
 70768 | Zig:1    | Entered Level 1 of a ziggurat
 70793 | Zig:2    | Entered Level 2 of a ziggurat
 70928 | Zig:3    | Entered Level 3 of a ziggurat
 70932 | Zig:3    | Noticed a juggernaut
 70952 | Zig:3    | Killed a juggernaut
 70953 | Zig:3    | Reached skill level 14 in Evocations
 70973 | Zig:3    | Identified the +2 long sword "Halechig" {flame, *Rage rPois
                  | Int+6}
 71076 | Zig:4    | Entered Level 4 of a ziggurat
 71077 | Zig:4    | Found the +4 Cigotuvi's embrace {Corpsefed rMiasma ^Drain
                  | rN+}
 71222 | Zig:4    | Identified the amulet "Yruj" {Acrobat +Inv Int+3 Dex-3}
 71238 | Zig:5    | Entered Level 5 of a ziggurat
 71362 | Zig:5    | Identified the amulet "Nejusuc" {Regen+ Int+4}
 71481 | Zig:6    | Entered Level 6 of a ziggurat
 71639 | Zig:6    | Identified the amulet "Luuplupp" {RegenMP -Tele Dex+2
                  | Slay+2}
 71751 | Zig:7    | Entered Level 7 of a ziggurat
 71759 | Zig:7    | Noticed a Killer Klown
 71800 | Zig:7    | Killed a Killer Klown
 71803 | Zig:7    | HP: 18/233 [shock serpent/bolt of electricity[a protean
                  | progenitor] (18)]
 71804 | Zig:7    | Killed from afar by a shock serpent

Vanquished Creatures
  A dread lich (Crypt:3)
  Mara (Snake:4)
  A juggernaut (Zig:3)
  The ghost of Teduw the Impregnable, a veteran MiGl of Hepliaklqana (Crypt:2)
  Saint Roka (Vaults:1)
  A Killer Klown (Zig:7)
  Vashnia (Snake:4)
  A curse toe (Zot:1)
  Nikola (Snake:2)
  6 golden dragons
  2 bone dragons
  An electric golem (Zot:1)
  8 tentacled monstrosities
  Rupert (D:15)
  3 liches
  2 deep elf master archers (Elf:3)
  A titan (Vaults:5)
  An acid blob (Zig:5)
  2 deep elf blademasters (Elf:3)
  A walking frostbound tome (Depths:3)
  4 quicksilver dragons
  A walking divine tome (Depths:3)
  3 sphinxes
  4 ancient champions
  Kirke (D:12)
  4 death cobs (Zot:2)
  2 thorn hunters
  9 storm dragons
  Donald (Swamp:4)
  6 tengu reavers
  Aizul (Vaults:1)
  3 shadow dragons
  Roxanne (D:14)
  14 nagarajas
  5 protean progenitors
  A revenant (Vaults:3)
  A daeva (Depths:3)
  A frost giant (shapeshifter) (Zig:7)
  The ghost of jimmypageman the Fencer, a journeyman MiFi of Okawaru (D:14)
  6 frost giants
  A draconian shifter (Zot:1)
  6 fire giants
  3 draconian scorchers
  Louise (Snake:2)
  4 draconian monks
  A draconian knight (Zot:2)
  4 deep elf sorcerers
  8 vault wardens
  A ghoul (Crypt:1)
  A balrug (Depths:2)
  5 deep elf elementalists
  An angel (Depths:3)
  3 orc warlords (Vaults:3)
  A cacodemon (Depths:1)
  3 formless jellyfish
  2 draconian stormcallers (Zot:2)
  A spriggan defender (Depths:3)
  A draconian annihilator (Zot:1)
  25 very ugly things
  13 ironbound preservers
  2 reapers
  A quicksilver ooze (Zig:5)
  2 ironbound thunderhulks
  A juggernaut skeleton (Crypt:3)
  A stone giant (shapeshifter) (Zig:2)
  A caustic shrike skeleton (Crypt:3)
  7 vampire knights
  2 white draconians
  A green draconian (Depths:4)
  15 stone giants
  13 deep elf demonologists
  12 deep elf death magi
  7 deep elf annihilators
  5 dire elephants
  6 eleionomae
  4 black draconians (Zot:1)
  A minotaur (Gauntlet)
  4 bunyips
  4 yellow draconians
  6 war gargoyles
  Azrael (D:15)
  A purple draconian (Zot:1)
  3 red draconians
  2 eidola (Crypt:1)
  A quicksilver dragon zombie (Crypt:3)
  A green death (Depths:1)
  5 crystal guardians
  11 ettins
  2 jiangshi (Crypt:2)
  5 fire dragons
  2 shambling mangroves (Swamp:4)
  3 entropy weavers
  3 deep elf high priests
  A great orb of eyes (Vaults:2)
  10 ice dragons
  10 vault guards
  A hell beast (Depths:1)
  11 yaktaur captains
  Erolcha (Orc:2)
  17 hydras
  6 rakshasas
  2 salamander tyrants (Snake:4)
  2 jorogumos (Zig:7)
  2 peacekeepers
  7 spriggan air magi
  2 catoblepae
  2 death knights
  11 centaur warriors
  9 ironbound frosthearts
  9 anacondas
  4 two-headed ogres
  A ghost crab (Swamp:4)
  7 alligators
  Erica (D:10)
  29 dancing weapons
  2 sphinx skeletons
  2 two-headed ogres (shapeshifter)
  4 boulder beetles
  8 death yaks
  10 tengu warriors
  23 naga sharpshooters
  20 naga warriors
  6 vampire magi
  2 titan zombies (Crypt:3)
  9 deep troll earth magi
  5 deep troll shamans
  A demonic crawler (Lair:5)
  Urug (Lair:2)
  14 hell knights
  2 shock serpents
  9 orc high priests
  12 spriggans
  4 spriggan berserkers
  Amaemon (D:9)
  Sonja (Orc:1)
  2 sun demons (Depths:1)
  10 deep elf knights
  A skyshark (shapeshifter) (Vaults:5)
  3 skysharks
  5 soul eaters
  A golden dragon zombie (Crypt:3)
  2 shadow wraiths
  6 iron trolls
  5 glowing orange brains
  30 skeletal warriors
  Lodul (D:14)
  5 goliath frogs
  10 mana vipers (Snake:3)
  3 sea snakes (Snake:4)
  A spriggan druid (Swamp:4)
  A death drake (shapeshifter) (Zig:2)
  3 salamander mystics
  A mana viper (shapeshifter) (Depths:2)
  52 deep trolls
  A shadow demon (Depths:2)
  2 flayed ghosts
  9 swamp dragons
  20 deep elf archers
  An obsidian statue (Depths:1)
  2 arcanists
  10 bog bodies
  7 naga ritualists
  4 harpies
  11 ironbound convokers
  4 lindwurms
  3 anaconda skeletons (Crypt:3)
  26 deep elf zephyrmancers
  17 orc knights
  9 phantasmal warriors
  10 necromancers
  34 deep elf pyromancers
  An oklob plant (Lair:2)
  6 will-o-the-wisps
  23 ugly things
  3 orc sorcerers
  A worldbinder (Gauntlet)
  A shining eye (shapeshifter) (Vaults:5)
  12 cyclopes
  A manticore (shapeshifter) (Depths:2)
  A manticore (D:13)
  An iron dragon skeleton (Crypt:3)
  2 wolf spiders
  3 shining eyes (Zot:2)
  An alligator skeleton (Crypt:2)
  4 centaur zombies (D:11)
  An apocalypse crab (Zig:7)
  14 moths of wrath
  A frost giant zombie (Crypt:2)
  15 salamanders
  4 guardian serpents
  A black mamba (shapeshifter) (D:13)
  A kobold blastminer (Orc:2)
  9 meliai
  43 black mambas
  A stone giant skeleton (Crypt:3)
  13 vault sentinels
  5 torpor snails (Lair:5)
  11 naga magi
  3 elephants (Lair:2)
  2 smoke demons (Depths:1)
  15 cane toads
  A centaur skeleton (Crypt:3)
  A gargoyle (D:13)
  8 large abominations (Depths:3)
  3 orange demons
  An eye of devastation (shapeshifter) (Depths:4)
  4 unseen horrors
  A black draconian zombie (Crypt:1)
  Maggie (Lair:1)
  2 rime drakes
  A kobold demonologist (D:14)
  8 komodo dragons
  6 tengu conjurers
  An efreet (D:15)
  6 freezing wraiths
  24 yaktaurs
  A death yak skeleton (Crypt:1)
  A queen bee (Lair:4)
  The ghost of Seamuus the Chopper, an amateur HOMo of Beogh (D:6)
  A harpy zombie (Crypt:3)
  2 trolls (shapeshifter)
  26 hornets
  2 hellwings (Gauntlet)
  Grinder (D:6)
  6 trolls
  15 tyrant leeches
  A harpy skeleton (Crypt:3)
  A blink frog (shapeshifter) (Elf:1)
  11 dream sheep
  4 glass eyes
  A jumping spider (Vaults:3)
  53 slime creatures
  5 meliai zombies (D:11)
  22 wyverns
  5 air elementals
  7 vampires
  8 water elementals
  3 shadows
  A ynoxinul (Depths:1)
  77 yaks
  8 wraiths
  A human (shapeshifter) (D:14)
  A warg (Orc:2)
  Eustachio (D:6)
  5 basilisks
  4 redbacks (Lair:5)
  2 fire elementals (D:15)
  A warg (shapeshifter) (Elf:3)
  Menkaure (D:6)
  3 chaos spawn
  5 steam dragons
  17 swamp worms
  A deep troll zombie (Crypt:1)
  29 vampire mosquitoes
  3 small abominations (Depths:3)
  An acid dragon (D:14)
  39 nagas
  20 water moccasins
  4 hell hounds (D:15)
  A fire bat skeleton (Crypt:1)
  6 ice beasts
  A sky beast (D:7)
  8 swamp drakes (Swamp:4)
  31 orc warriors
  A sky beast (shapeshifter) (Zig:7)
  20 laughing skulls
  5 black bears
  13 wolves
  17 ogres
  4 boggarts
  22 centaurs
  2 phantoms
  A weeping skull (D:6)
  A draconian zombie (Crypt:1)
  10 kobold brigands
  A gnoll sergeant (D:9)
  Blork the orc (D:6)
  12 bullfrogs
  A yaktaur skeleton (Crypt:2)
  A warg zombie (Crypt:2)
  3 earth elementals
  5 scorpions
  2 necrophages (Crypt:3)
  11 wights
  A shapeshifter zombie (Crypt:2)
  19 killer bees
  An electric eel (D:12)
  3 howler monkeys
  2 bombardier beetles
  A jelly (D:8)
  2 gnoll boudas (D:10)
  32 orc priests
  A hound (D:4)
  4 sleepcaps
  11 hell rats
  15 orc wizards
  5 iguanas
  An ice beast zombie (Crypt:2)
  An ogre skeleton (Crypt:2)
  17 gnolls
  8 adders
  2 shadow imps
  2 white imps
  2 ufetubi (D:12)
  4 dart slugs
  3 ribbon worms
  60 orcs
  A bat skeleton (Crypt:2)
  6 endoplasms
  2 giant cockroaches
  4 goblins (D:1)
  6 hobgoblins
  4 jackals (D:1)
  A quokka (D:2)
  A river rat zombie (Crypt:2)
  4 ball pythons
  3 bats
  6 frilled lizards
  15 kobolds
  3 rats
  A rat zombie (Crypt:1)
  A spectral orc (D:6)
2022 creatures vanquished.

Vanquished Creatures (collateral kills)
  A dread lich (Vaults:5)
  A vault warden (Vaults:5)
  A deep elf death mage (Vaults:5)
  2 deep elf annihilators (Vaults:5)
  An ettin (Vaults:5)
  An alligator (Swamp:2)
7 creatures vanquished.

Vanquished Creatures (others)
  A dread lich (Vaults:5)
  2 tentacled monstrosities (Vaults:5)
  A titan (Vaults:5)
  2 sphinxes (Vaults:5)
  2 storm dragons (Vaults:5)
  2 tengu reavers (Vaults:5)
  A shadow dragon (Vaults:5)
  A fire giant (Vaults:5)
  A frost giant (Vaults:5)
  4 vault wardens (Vaults:5)
  An iron dragon (Vaults:5)
  2 stone giants (Vaults:5)
  2 ironbound preservers (Vaults:5)
  A very ugly thing (Vaults:5)
  An eleionoma (Swamp:4)
  2 deep elf demonologists (Vaults:5)
  2 deep elf high priests (Vaults:5)
  2 ettins (Vaults:5)
  A great orb of eyes (Vaults:3)
  2 yaktaur captains (Vaults:5)
  16 vault guards (Vaults:5)
  A dancing weapon (Elf:3)
  A naga warrior (Snake:4)
  A naga sharpshooter (Snake:3)
  A deep elf knight (Elf:2)
  A glowing orange brain (shapeshifter) (Vaults:5)
  A steelbarb worm (shapeshifter) (Vaults:5)
  2 phantasmal warriors (Vaults:5)
  An orc knight (Orc:2)
  2 deep elf zephyrmancers
  2 deep elf pyromancers
  3 vault sentinels (Vaults:5)
  3 yaktaurs (Vaults:5)
  A freezing wraith (Vaults:5)
  A yaktaur (shapeshifter) (Vaults:5)
  A tengu conjurer (D:12)
  A bloated husk (Swamp:3)
  An air elemental (Elf:1)
  A human (D:12)
  A swamp worm (Swamp:4)
  A laughing skull (Crypt:3)
  4 orcs
  32 foxfires
112 creatures vanquished.

Grand Total: 2141 creatures vanquished

Table legend: (Time is in decaauts)
 A = Elapsed time spent in this place.
 B = Non-inter-level travel time spent in this place.
 C = Inter-level travel time spent in this place.
 D = Time resting spent in this place.
 E = Time spent auto-exploring this place.
 F = Levels seen in this place.
 G = Mean time per level.
                   A        B        C        D        E       F      G
               +--------+--------+--------+--------+--------+-----+--------+
         Total |  92317 |  85320 |   6997 |  17030 |  50327 |  56 | 1648.5 |
       Dungeon |  21176 |  18233 |   2943 |   2429 |  12301 |  15 | 1411.7 |
        Temple |      1 |      0 |      1 |      0 |      0 |   1 |    1.0 |
          Lair |  10436 |   9542 |    894 |   2223 |   5946 |   5 | 2087.2 |
         Swamp |   7561 |   7232 |    329 |   1173 |   4474 |   4 | 1890.2 |
     Snake Pit |   8545 |   8204 |    341 |   1692 |   4315 |   4 | 2136.2 |
  Orcish Mines |   2738 |   2343 |    395 |    214 |   1444 |   2 | 1369.0 |
   Elven Halls |   6511 |   6252 |    259 |   1842 |   2770 |   3 | 2170.3 |
        Vaults |  13743 |  12900 |    843 |   2193 |   8300 |   5 | 2748.6 |
         Crypt |   5513 |   5377 |    136 |    661 |   3483 |   3 | 1837.7 |
        Depths |  11192 |  10585 |    607 |   3179 |   5178 |   4 | 2798.0 |
           Zot |   3214 |   2970 |    244 |    921 |   1383 |   2 | 1607.0 |
      Ziggurat |    996 |    996 |      0 |    404 |    331 |   7 |  142.3 |
      Gauntlet |    684 |    684 |      0 |     96 |    399 |   1 |  684.0 |
               +--------+--------+--------+--------+--------+-----+--------+

Top non-repeatable levels by time:
 Snake:4: 3811 daAuts
  Lair:5: 3745 daAuts
    D:11: 3459 daAuts
Vaults:1: 3409 daAuts
Depths:1: 3338 daAuts
Vaults:3: 3225 daAuts
   Elf:3: 3072 daAuts
Depths:3: 2999 daAuts
    D:15: 2930 daAuts
Depths:2: 2666 daAuts
Vaults:5: 2471 daAuts
Vaults:2: 2380 daAuts
 Swamp:4: 2309 daAuts
Vaults:4: 2256 daAuts
Depths:4: 2188 daAuts

Table legend:
 A = Non-vault XP
 B = Vault XP
 C = Vault XP percentage of total XP
 D = Non-vault monster count
 E = Vault monster count
 F = Vault count percentage of total count
                 A         B        C        D         E       F
            +---------+---------+-------+---------+---------+-------
      Total |  632390 |  456033 |  41.9 |    1269 |     780 |  38.1
            +---------+---------+-------+---------+---------+-------
        D:1 |      40 |       2 |   4.8 |      22 |       1 |   4.3
        D:2 |      91 |       0 |   0.0 |      20 |       0 |   0.0
        D:3 |     161 |       0 |   0.0 |      14 |       0 |   0.0
        D:4 |     244 |       0 |   0.0 |      16 |       0 |   0.0
        D:5 |     577 |     243 |  29.6 |      15 |       2 |  11.8
        D:6 |    1043 |    2126 |  67.1 |      21 |      17 |  44.7
        D:7 |    1396 |       0 |   0.0 |      20 |       0 |   0.0
        D:8 |    1701 |       0 |   0.0 |      14 |       0 |   0.0
        D:9 |    1771 |    1623 |  47.8 |      15 |       5 |  25.0
       D:10 |    2276 |     831 |  26.7 |      24 |       1 |   4.0
       D:11 |    4034 |   13235 |  76.6 |      23 |      64 |  73.6
       D:12 |    8515 |    2092 |  19.7 |      25 |       7 |  21.9
       D:13 |    7758 |    1917 |  19.8 |      19 |       3 |  13.6
       D:14 |    9697 |    4928 |  33.7 |      27 |      10 |  27.0
       D:15 |   18306 |    9968 |  35.3 |      40 |      17 |  29.8
     Lair:1 |    2330 |     398 |  14.6 |      11 |       1 |   8.3
     Lair:2 |    8706 |    3218 |  27.0 |      34 |      12 |  26.1
     Lair:3 |    4201 |     453 |   9.7 |      22 |       3 |  12.0
     Lair:4 |    9074 |    4388 |  32.6 |      27 |      27 |  50.0
     Lair:5 |   11608 |   19110 |  62.2 |      32 |      63 |  66.3
    Swamp:1 |   10609 |    1380 |  11.5 |      27 |       1 |   3.6
    Swamp:2 |   11925 |    6051 |  33.7 |      25 |      10 |  28.6
    Swamp:3 |   14418 |       0 |   0.0 |      29 |       0 |   0.0
    Swamp:4 |   11482 |   19967 |  63.5 |      19 |      31 |  62.0
    Snake:1 |   12057 |       0 |   0.0 |      25 |       0 |   0.0
    Snake:2 |   16957 |    3590 |  17.5 |      34 |       2 |   5.6
    Snake:3 |   24682 |       0 |   0.0 |      45 |       0 |   0.0
    Snake:4 |   17211 |   50326 |  74.5 |      33 |      57 |  63.3
      Orc:1 |    1734 |     772 |  30.8 |      17 |       1 |   5.6
      Orc:2 |    5409 |   10952 |  66.9 |      26 |      69 |  72.6
      Elf:1 |   21499 |    8774 |  29.0 |      35 |      12 |  25.5
      Elf:2 |   22116 |    9184 |  29.3 |      37 |      12 |  24.5
      Elf:3 |   21544 |   35554 |  62.3 |      40 |      33 |  45.2
   Vaults:1 |   22093 |   11552 |  34.3 |      37 |      19 |  33.9
   Vaults:2 |   18037 |   21517 |  54.4 |      27 |      32 |  54.2
   Vaults:3 |   24986 |   20752 |  45.4 |      34 |      28 |  45.2
   Vaults:4 |   23838 |    4078 |  14.6 |      34 |       9 |  20.9
   Vaults:5 |    7912 |   45711 |  85.2 |      13 |      60 |  82.2
    Crypt:1 |   20668 |    2344 |  10.2 |      31 |       3 |   8.8
    Crypt:2 |   16715 |    4836 |  22.4 |      33 |       2 |   5.7
    Crypt:3 |       0 |   53283 | 100.0 |       0 |      73 | 100.0
   Depths:1 |   30803 |   14716 |  32.3 |      36 |      18 |  33.3
   Depths:2 |   41181 |   10383 |  20.1 |      54 |      13 |  19.4
   Depths:3 |   18746 |   34706 |  64.9 |      22 |      39 |  63.9
   Depths:4 |   14856 |   14840 |  50.0 |      15 |      12 |  44.4
      Zot:1 |   44715 |    2353 |   5.0 |      38 |       1 |   2.6
      Zot:2 |   27372 |       0 |   0.0 |      26 |       0 |   0.0
      Zig:1 |    1624 |       0 |   0.0 |       2 |       0 |   0.0
      Zig:2 |    1822 |       0 |   0.0 |       2 |       0 |   0.0
      Zig:3 |    5606 |       0 |   0.0 |       3 |       0 |   0.0
      Zig:4 |    3801 |       0 |   0.0 |       6 |       0 |   0.0
      Zig:5 |    4138 |       0 |   0.0 |       6 |       0 |   0.0
      Zig:6 |    6529 |       0 |   0.0 |       7 |       0 |   0.0
      Zig:7 |   11776 |       0 |   0.0 |      10 |       0 |   0.0
   Gauntlet |       0 |    3880 | 100.0 |       0 |      10 | 100.0
            +---------+---------+-------+---------+---------+-------
